 Dungeon Crawl Stone Soup version 0.16.2-12-gd0ad4c3 (webtiles) character file.

104 musteatbrain the Gusty (level 4, 0/24 HPs)
             Began as a Tengu Air Elementalist on Sept 28, 2015.
             Slain by musteatbrain's ghost (3 damage)
             ... on level 3 of the Dungeon.
             The game lasted 00:10:40 (3550 turns).

musteatbrain the Gusty (Tengu Air Elementalist)     Turns: 3550, Time: 00:10:40

Health: 0/24       AC: 10    Str:  9    XL:     4   Next: 80%
Magic:  0/8        EV:  0    Int: 16    God:
Gold:   102        SH:  0    Dex: 14    Spells: 2 memorised, 4 levels left

rFire  . . .     SeeInvis .     f - +1 dagger (freeze)
rCold  . . .     Clarity  .     l - +0 plate armour (curse)
rNeg   . . .     SustAb   .     (no shield)
rPois  .         Gourm    .     (helmet restricted)
rElec  .         Spirit   +     (no cloak)
rCorr  .         Warding  .     (no gloves)
rMut   .         Stasis   .     (boots unavailable)
MR     .....                    m - amulet of guardian spirit
Stlth  ..........               (no ring)
                                (no ring)

@: not resistant to hostile enchantments, extremely unstealthy
A: beak, talons 3
a: no special abilities


You were on level 3 of the Dungeon.
You were not hungry.

You visited 1 branch of the dungeon, and saw 3 of its levels.

You collected 102 gold pieces.

Inventory:

Hand weapons
 e - a +0 whip
 f - a +1 dagger of freezing (weapon)
Armour
 a - a +0 robe
 l - a cursed +0 plate armour (worn)
Jewellery
 m - an amulet of guardian spirit (around neck)
Scrolls
 c - a scroll of random uselessness {unknown}
 g - 2 scrolls of identify
Books
 b - a book of Air

   Spells                             Type                      Level
   a - Shock                          Conjuration/Air              1
   b - Swiftness                      Charms/Air                   2
   c - Repel Missiles                 Charms/Air                   2
   d - Flight                         Charms/Air                   3
   e - Static Discharge               Conjuration/Air              3
   f - Lightning Bolt                 Conjuration/Air              5
Comestibles
 h - 2 meat rations
 n - a slice of pizza


   Skills:
 - Level 2.1 Dodging
 - Level 2.0 Stealth
 - Level 2.0 Spellcasting
 + Level 2.2 Conjurations
 + Level 6.8 Air Magic


You had 4 spell levels left.
You knew the following spells:

 Your Spells              Type           Power        Failure   Level  Hunger
a - Shock                 Conj/Air       ###.         100%        1    #......
b - Swiftness             Chrm/Air       ##......     100%        2    ###....


Dungeon Overview and Level Annotations

Branches:
Dungeon (3/15)

Altars:
The Shining One

Annotations:
D:3 musteatbrain's ghost, average TeAE


Innate Abilities, Weirdness & Mutations

You have a beak for a mouth.
You have claws for feet.


Message History

Musteatbrain's ghost is lightly damaged.
Musteatbrain's ghost hits you.
* * * LOW HITPOINT WARNING * * *
Musteatbrain's ghost burns you.
* * * LOW HITPOINT WARNING * * *
You hit musteatbrain's ghost. You freeze musteatbrain's ghost.
Musteatbrain's ghost is lightly damaged.
Musteatbrain's ghost casts a spell at you.
The zap hits you!
Your plate armour prevents you from hitting musteatbrain's ghost.
You claw musteatbrain's ghost.
Musteatbrain's ghost is moderately damaged.
Musteatbrain's ghost hits you but does no damage.
You closely miss musteatbrain's ghost.
Musteatbrain's ghost is moderately damaged.
Musteatbrain's ghost hits you but does no damage.
You miss musteatbrain's ghost. Your kick misses musteatbrain's ghost.
Musteatbrain's ghost is moderately damaged.
Musteatbrain's ghost hits you.
You die...

##########.#
############(########
#....................
#>.......###.#######. #.######[#
#.# . ########'## #.# #(# .#
..........# #.###.# .#
..........# #..##รท#######.#####
..........# ##@................
########'## #W................
#.# #.................
########.#######.................
..............##.................
..............##.................
..............##.................
..............##.................
..............##.................


You could see musteatbrain's ghost.

Vanquished Creatures
  3 adders
  3 worms
  2 oozes (D:1)
  A giant cockroach (D:1)
  7 hobgoblins
  7 jackals
  4 kobolds
  2 quokkas (D:2)
  8 bats
  2 giant newts
  7 goblins
  6 rats (D:1)
52 creatures vanquished.

Notes
Turn   | Place    | Note
--------------------------------------------------------------
     0 | D:1      | musteatbrain, the Tengu Air Elementalist, began the quest for the Orb.
     0 | D:1      | Reached XP level 1. HP: 10/10 MP: 3/3
   504 | D:1      | Reached XP level 2. HP: 15/15 MP: 0/5
   942 | D:1      | Reached skill level 5 in Air Magic
  1399 | D:1      | Found a glowing golden altar of the Shining One.
  1458 | D:2      | Reached XP level 3. HP: 17/19 MP: 7/7
  2092 | D:2      | Reached skill level 6 in Air Magic
  2340 | D:2      | Reached XP level 4. HP: 6/24 MP: 4/8
  2620 | D:2      | Learned a level 2 spell: Swiftness
  2792 | D:3      | Noticed musteatbrain's ghost (average TeAE)
  3550 | D:3      | Slain by musteatbrain's ghost

Action                   |  1- 3 |  4- 6 || total
-------------------------+-------+-------++-------
Melee: Whip              |   164 |    12 ||   176
       Dagger            |       |    40 ||    40
 Cast: Shock             |    22 |       ||    22
  Use: Scroll            |     5 |       ||     5
       Potion            |     2 |       ||     2
 Stab: Sleeping          |     1 |       ||     1
  Eat: Chunk             |     2 |       ||     2
       Bread ration      |     1 |     1 ||     2
